 Dungeon Crawl Stone Soup version 0.30-a0-920-g7493c07aab (webtiles) character file.

Game seed: 1629180827589744676

6924 cforsyth the Fighter (level 11, -5/92 HPs)
             Began as a Human Fighter on Mar 21, 2023.
             Was a High Priest of Okawaru.
             Slain by a wraith (11 damage)
             ... led by Josephine
             ... on level 10 of the Dungeon on Mar 22, 2023.
             The game lasted 00:15:55 (13072 turns).

cforsyth the Fighter (Human Fighter)               Turns: 13072, Time: 00:15:56

Health: -5/92      AC: 13    Str: 26    XL:     11   Next: 27%
Magic:  11/11      EV:  9    Int: 10    God:    Okawaru [*****.]
Gold:   559        SH:  9    Dex: 12    Spells: 10/10 levels left

rFire   . . .      SeeInvis .    F - +2 whip (elec)
rCold   + . .      Faith    .    c - +0 buckler
rNeg    . . .      Spirit   .    b - +0 scale mail
rPois   .          Reflect  +    q - +0 helmet
rElec   .          Rampage  .    (no cloak)
rCorr   .                        f - +1 pair of gloves
Will    .....                    x - +0 pair of boots Stlth
                                 h - amulet of reflection
HPRegen 0.35/turn                C - +6 ring of strength
MPRegen 0.12/turn                (no ring)

@: about to teleport, slowed, very slow
A: claws 1, cold resistance 1
a: Renounce Religion, Heroism, Finesse, Duel


You were on level 10 of the Dungeon.
You worshipped Okawaru.
Okawaru was extremely pleased with you.
You visited 1 branch of the dungeon, and saw 10 of its levels.

You collected 559 gold pieces.

Inventory:

Hand Weapons
 a - a +0 flail
 F - a +2 whip of electrocution (weapon)
Armour
 b - a +0 scale mail (worn)
 c - a +0 buckler (worn)
 f - a +1 pair of gloves (worn)
 q - a +0 helmet (worn)
 x - a +0 pair of boots (worn)
Jewellery
 h - an amulet of reflection (around neck)
 l - a ring of ice
 r - a ring of protection from cold
 C - a +6 ring of strength (left hand)
Wands
 B - a wand of flame (35)
 E - a wand of iceblast (3)
 G - a wand of digging (4)
 M - a wand of polymorph (4)
Scrolls
 g - 2 scrolls of teleportation
 i - a scroll of amnesia {unknown}
 j - a scroll of fog
 n - a scroll of magic mapping {unknown}
 o - a scroll of immolation {unknown}
 p - a scroll of summoning {unknown}
 s - a scroll of poison {unknown}
 u - a scroll of noise {unknown}
 v - a scroll of torment
 y - a scroll of silence {unknown}
 z - a scroll of vulnerability
 D - 2 scrolls of enchant armour
 J - a scroll of enchant weapon {unknown}
 K - a scroll of blinking {unknown}
Potions
 d - a potion of might
 e - 2 potions of lignification {unknown}
 k - 2 potions of heal wounds
 m - 3 potions of haste
 t - 2 potions of cancellation
 w - 4 potions of brilliance
 A - 3 potions of curing
 H - a potion of attraction {unknown}
 I - a potion of ambrosia {unknown}
 L - a potion of flight {unknown}


   Skills:
 + Level 10.9 Fighting
 + Level 10.6 Maces & Flails
 + Level 8.4 Armour
 - Level 3.1 Shields


You had 10 spell levels left.
You didn't know any spells.
Your spell library contained the following spells:

 Spells                   Type           Power      Damage    Failure   Level
 Poisonous Vapours        Pois/Air       0%         N/A       83%         2
 Dazzling Flash           Conj/Hex       0%         N/A       97%         3
 Ignite Poison            Fire/Tmut/Pois 0%         N/A       97%         3
 Vampiric Draining        Necr           0%         2d6       97%         3
 Iskenderun's Mystic Bla  Conj/Tloc      0%         2d3       100%        4
 Agony                    Necr           0%         N/A       100%        5
 Silence                  Hex/Air        0%         N/A       100%        5
 Starburst                Conj/Fire      0%         6d3       100%        6
 Necromutation            Tmut/Necr      0%         N/A       100%        8
 Summon Small Mammal      Summ           Unusable   N/A       N/A         1
 Call Canine Familiar     Summ           Unusable   N/A       N/A         3
 Summon Guardian Golem    Hex/Summ       Unusable   N/A       N/A         3

Dungeon Overview and Level Annotations

Branches:
Dungeon (10/15)            Temple (0/1) D:6             Orc (0/2) D:9
   Lair: D:8-11

Altars:
Ashenzari
Fedhas
Gozag
Hepliaklqana
Makhleb
Okawaru
Qazlal
Sif Muna
Trog
Uskayaw
Vehumet
Wu Jian
The Shining One

Annotations:
D:2 1 runed translucent door, Crazy Yiuf


Innate Abilities, Weirdness & Mutations

You have sharp fingernails.
Your flesh is cold resistant. (rC+)


Message History

The troll closely misses you. The troll barely misses you.
You block the troll's attack.
You hit the troll.
The troll is heavily wounded.
Unknown command.
You hit the troll.
The troll is heavily wounded.
The troll bites you. You block the troll's attack. The troll claws you.
The wraith hits you. The wraith drains your vigour!
You feel as though you will be slow longer.
The troll bites you.
* * * LOW HITPOINT WARNING * * *
The troll claws you but does no damage. You block the troll's attack.
The wraith completely misses you.
You barely miss the troll.
The troll is heavily wounded.
You closely miss the troll.
The troll is heavily wounded.
You block the troll's attack. x2; The troll barely misses you.
You block the wraith's attack.
You hit the troll. Lightning courses through the troll!
The troll is almost dead.
The troll bites you!
* * * LOW HITPOINT WARNING * * *
The troll closely misses you. x2
A gargoyle comes into view. It is wielding a +0 flail.
You block the wraith's attack.
You feel much better. The troll bites you. The troll claws you!
* * * LOW HITPOINT WARNING * * *
You block the troll's attack. The wraith barely misses you.
You hit the troll.
The troll is almost dead.
You block the troll's attack. The troll misses you.
The troll barely misses you. The wraith hits you.
* * * LOW HITPOINT WARNING * * *
As you read the scroll of teleportation, it crumbles to dust.
You feel strangely unstable. The troll bites you!
* * * LOW HITPOINT WARNING * * *
You block the troll's attack. The troll barely misses you. The wraith hits you!
You die...

... (. ..# #
### .. ..
..##.##.#
..9.... #.
#WT.# #. ##@.#
#. ##.$.# #.
##....# ..
#.##...###
##.####..).###
........#.##
..........#
.........##
.........# ###


You could see a troll, a wraith and a gargoyle.

Vanquished Creatures
  A centaur warrior (D:9)
  A manticore (D:8)
  A cyclops (D:9)
  A troll (D:9)
  3 shadows
  2 wyverns
  A wraith (D:10)
  6 yaks (D:6)
  2 steam dragons
  A vampire mosquito (D:9)
  Duvessa (D:4)
  A water moccasin (D:6)
  2 orc warriors
  2 black bears
  2 sky beasts (D:7)
  An ogre (D:5)
  6 centaurs
  A kobold brigand (D:9)
  3 bullfrogs
  3 gnoll sergeants
  5 scorpions
  Dowan (D:4)
  11 killer bees
  2 howler monkeys
  3 hounds
  2 jellies
  An orc priest (D:7)
  2 gnoll boudas (D:4)
  A sleepcap (D:5)
  2 orc wizards
  6 adders
  17 gnolls
  A shadow imp (D:5)
  4 white imps
  A worm (D:2)
  34 orcs
  6 endoplasms
  4 giant cockroaches
  3 goblins
  3 hobgoblins (D:4)
  4 quokkas
  4 ball pythons
  15 kobolds
  8 rats
181 creatures vanquished.

Vanquished Creatures (others)
  24 fungi (D:5)
  6 plants
30 creatures vanquished.

Grand Total: 211 creatures vanquished

Notes
Turn   | Place    | Note
-------+----------+-------------------------------------------
     0 | D:1      | cforsyth the Human Fighter began the quest for the Orb.
     0 | D:1      | Reached XP level 1. HP: 18/18 MP: 1/1
   105 | D:1      | Reached XP level 2. HP: 24/24 MP: 2/2
   819 | D:2      | Reached XP level 3. HP: 29/29 MP: 3/3
  1602 | D:2      | Found a runed translucent door.
  1603 | D:2      | Noticed Crazy Yiuf
  2021 | D:3      | Gained mutation: You are agile. (Dex +4, Str/Int -1)
                  | [potion of mutation]
  2021 | D:3      | Gained mutation: Your body sometimes deteriorates upon
                  | taking damage. [potion of mutation]
  2021 | D:3      | Gained mutation: Your flesh is cold resistant. (rC+)
                  | [potion of mutation]
  2021 | D:3      | HP: 1/30 [something (1)]
  2024 | D:3      | Reached XP level 4. HP: 9/37 MP: 4/4
  2390 | D:3      | Lost mutation: You are agile. (Dex +4, Str/Int -1) [potion
                  | of mutation]
  2390 | D:3      | Lost mutation: Your body sometimes deteriorates upon taking
                  | damage. [potion of mutation]
  2390 | D:3      | Gained mutation: You are occasionally teleported next to
                  | monsters. [potion of mutation]
  2390 | D:3      | Gained mutation: You expend magic power (3 MP) to
                  | strengthen your wands. [potion of mutation]
  2390 | D:3      | Gained mutation: Your mind is acute. (Int +4, Str/Dex -1)
                  | [potion of mutation]
  2391 | D:3      | Lost mutation: You are occasionally teleported next to
                  | monsters. [potion of mutation]
  2391 | D:3      | Lost mutation: You expend magic power (3 MP) to strengthen
                  | your wands. [potion of mutation]
  2391 | D:3      | Lost mutation: Your mind is acute. (Int +4, Str/Dex -1)
                  | [potion of mutation]
  2391 | D:3      | Gained mutation: You have sharp fingernails. [potion of
                  | mutation]
  2455 | D:4      | Reached XP level 5. HP: 10/42 MP: 5/5
  2608 | D:4      | Found a glowing golden altar of the Shining One.
  2835 | D:4      | Found a broken altar of Ashenzari.
  2891 | D:4      | Noticed Duvessa
  2892 | D:4      | Found a bloodstained altar of Trog.
  2906 | D:4      | Noticed Dowan
  2982 | D:5      | Entered Level 5 of the Dungeon
  3013 | D:5      | Reached skill level 5 in Fighting
  3013 | D:5      | Reached XP level 6. HP: 37/51 MP: 6/6
  3115 | D:5      | Found an opulent altar of Gozag.
  3532 | D:5      | Found an iron altar of Okawaru.
  3558 | D:5      | Reached skill level 5 in Maces & Flails
  3558 | D:5      | Reached XP level 7. HP: 56/56 MP: 7/7
  3563 | D:5      | Became a worshipper of Warmaster Okawaru
  4099 | D:5      | Found a blossoming altar of Fedhas.
  4584 | D:6      | Found a radiant altar of Vehumet.
  4665 | D:6      | Noticed a water moccasin
  4668 | D:6      | Reached XP level 8. HP: 52/65 MP: 8/8
  4952 | D:6      | Identified the +1 leather armour "Kokerph" {Int+3}
  5012 | D:6      | Reached * piety under Okawaru
  5301 | D:6      | Found a hazy altar of Hepliaklqana.
  5346 | D:6      | Found a staircase to the Ecumenical Temple.
  5780 | D:7      | Found a burning altar of Makhleb.
  5780 | D:7      | Noticed a cacodemon
  6197 | D:7      | Noticed a yak
  6197 | D:7      | Noticed a yak
  6197 | D:7      | Noticed a yak
  6197 | D:7      | Noticed a yak
  6197 | D:7      | Noticed a yak
  6213 | D:7      | Noticed a yak
  6232 | D:6      | Killed a yak
  6233 | D:6      | Reached XP level 9. HP: 29/74 MP: 9/9
  7047 | D:6      | Reached ** piety under Okawaru
  7232 | D:6      | Reached skill level 5 in Armour
  7940 | D:7      | Reached XP level 10. HP: 64/83 MP: 10/10
  8360 | D:8      | Reached *** piety under Okawaru
  8368 | D:8      | Noticed a manticore
  8431 | D:8      | Killed a manticore
  9227 | D:8      | Found an ornate altar of the Wu Jian Council.
 10478 | D:8      | Found an ornate altar of the Wu Jian Council.
 10966 | D:9      | Found a staircase to the Orcish Mines.
 11189 | D:9      | Got the Anthology of the Buccaneer
 11228 | D:9      | Reached **** piety under Okawaru
 11229 | D:9      | Reached skill level 10 in Fighting
 11558 | D:9      | Found a stormy altar of Qazlal.
 11756 | D:9      | Noticed a cyclops
 11766 | D:9      | Reached skill level 10 in Maces & Flails
 11777 | D:9      | Killed a cyclops
 11778 | D:9      | Reached XP level 11. HP: 54/92 MP: 11/11
 11887 | D:9      | Noticed a centaur warrior
 11898 | D:9      | Killed a centaur warrior
 12193 | D:4      | Found a hide-covered altar of Uskayaw.
 12265 | D:4      | Identified the +0 scale mail of Fuwam {Regen+ Str+4}
 12564 | D:4      | Killed Dowan
 12697 | D:4      | Found a shimmering blue altar of Sif Muna.
 12707 | D:4      | Killed Duvessa
 12988 | D:10     | Entered Level 10 of the Dungeon
 12990 | D:10     | Reached ***** piety under Okawaru
 13072 | D:10     | Slain by a wraith

Illustrated notes

Levels and vault maps discovered:
D:1:      amcnicky_arrival_blooded_trapdoor, layout_loops_ring
D:2:      layout_loops_corners, hangedman_decor_lopped, uniq_crazy_yiuf_cottage
D:3:      layout_loops_cross
D:4:      layout_loops_cross, mainiacjoe_overflow_concentric_impassable,
          tso_altar, old_standard_altar, nzn_overflow_gifts_of_might_and_magic,
          nicolae_grassy_gnolls
D:5:      layout_loops_ring, fedhas_altar_3, nicolae_gozag_seed_capital,
          hellmonk_okawaru_the_only_friend_you_need, serial_aquarium,
          aquarium_bridge_island_small [aquarium_subvault_small_open,
          aquarium_subvault_window, aquarium_subvault_wall,
          aquarium_subvault_balcony, aquarium_subvault_bridge],
          aquarium_window_1, aquarium_window_2, aquarium_window_2,
          aquarium_view_2d, aquarium_balcony_double_1, minmay_crystal_room
D:6:      layout_gridville, mainiacjoe_overflow_small_starburst,
          mainiacjoe_overflow_surrounded_room, minmay_temple_entry_fiery
D:7:      layout_gridville, makhleb_altar_promises_db
D:8:      layout_basic, nicolae_wu_jian_immortal_techniques,
          columned_hall_lemuel
D:9:      minmay_chambers_of_sixes, layout_long_grid,
          nicolae_qazlal_style_of_elements, orc_0_dummy
D:10:     layout_rooms, minmay_misc_feat_chi, uniq_josephine

Skill      XL: |  1  2  3  4  5  6  7  8  9 10 11 |
---------------+----------------------------------+-----
Fighting       | 4 5 6 7 9 10 | 10.9
Maces & Flails | 3 4 5 6 7 8 10 | 10.6
Armour         | 5 7 8 |  8.4
Shields        | |  3.1

Action                     |  1- 3 |  4- 6 |  7- 9 | 10-12 || total
---------------------------+-------+-------+-------+-------++-------
  Melee: Flail             |   115 |   100 |   216 |       ||   431
         Whip              |       |       |   104 |   310 ||   414
  Evoke: Wand              |       |       |       |     2 ||     2
    Use: Potion            |     2 |     2 |     1 |     5 ||    10
         Scroll            |       |     5 |     1 |     9 ||    15
 Armour: Scale mail        |    40 |    39 |    94 |   126 ||   299
  Dodge: Dodged            |    34 |    41 |    85 |   118 ||   278
  Block: Buckler           |    35 |    44 |   145 |   178 ||   402
         Reflection        |     1 |     1 |     2 |    12 ||    16

Table legend: (Time is in decaauts)
 A = Elapsed time spent in this place.
 B = Non-inter-level travel time spent in this place.
 C = Inter-level travel time spent in this place.
 D = Time resting spent in this place.
 E = Time spent auto-exploring this place.
 F = Levels seen in this place.
 G = Mean time per level.
                   A        B        C        D        E       F      G
               +--------+--------+--------+--------+--------+-----+--------+
         Total |  13056 |  12460 |    596 |   2948 |   7474 |  10 | 1305.6 |
       Dungeon |  13056 |  12460 |    596 |   2948 |   7474 |  10 | 1305.6 |
               +--------+--------+--------+--------+--------+-----+--------+

Top non-repeatable levels by time:
     D:6: 2500 daAuts
     D:8: 2300 daAuts
     D:9: 1595 daAuts
     D:4: 1580 daAuts
     D:5: 1412 daAuts
     D:7: 1066 daAuts
     D:2: 922 daAuts
     D:1: 827 daAuts
     D:3: 777 daAuts
    D:10: 73 daAuts
